 Dungeon Crawl Stone Soup version 0.32-a0-986-ga09f62fbf4 (webtiles) character file.

Game seed: 4476716771220608657

147384 bananaken the Cruncher (level 17, 0/162 HPs)
             Began as an Oni Delver on Apr 21, 2024.
             Was the Champion of Vehumet.
             Slain by a tengu reaver
             ... wielding a +0 bardiche
              (1 damage)
             ... on level 12 of the Dungeon on Apr 22, 2024.
             The game lasted 02:20:01 (29439 turns).

bananaken the Cruncher (Oni Delver)                Turns: 29439, Time: 02:20:01

Health: 0/162      AC:  9    Str: 41    XL:     17   Next: 46%
Magic:  29/29      EV:  8    Int: 19    God:    Vehumet [******]
Gold:   2426       SH:  0    Dex: 10    Spells: 0/33 levels left

rFire   + + +        v - +7 broad axe (vamp)
rCold   + + +        T - +1 tower shield {rF+}
rNeg    + . .        Z - +4 skin of Zhor {*Englaciate rC+++ SInv}
rPois   +            H - +2 hat {Stlth+}
rElec   +            C - scarf {repulsion}
rCorr   +            (gloves unavailable)
SInv    +            (boots unavailable)
Will    +....        a - amulet "Xuul" {Reflect ^Fragile rElec Str+10 SH+5}
Stlth   ++           b - ring of Ufopn {rC+ rN+ Str+6 Int+4}
HPRegen 0.47/turn    S - ring "Mecwel" {Fly rF+ rCorr Str+3}
MPRegen 0.21/turn

%: repel missiles, reflection
@: confused, about to teleport, resistant, ambrosia-drunk, flying
A: large, unfitting armour, horns 1, tough skin 1, double potion healing,
drunken brawling
a: Renounce Religion


You were on level 12 of the Dungeon.
You worshipped Vehumet.
Vehumet was exalted by your worship.
You visited 4 branches of the dungeon, and saw 22 of its levels.
You also visited: Bailey, Gauntlet and Volcano.

You collected 3519 gold pieces.
You spent 1093 gold pieces at shops.

Inventory:

Hand Weapons
 n - the +6 quarterstaff of Elejier {spect, Int+5 Stlth+}
   (You took it off a spriggan in a bailey)

   Int+5:     It affects your intelligence (+5).
   Stlth+:    It makes you more stealthy.
 v - a +7 vampiric broad axe (weapon)
Missiles
 f - 4 silver javelins
 r - 7 large rocks (quivered)
 w - 25 boomerangs
Armour
 C - a scarf of repulsion (worn)
 H - a +2 hat of stealth (worn)
 I - a +1 cloak
 T - a +1 tower shield of fire resistance (worn)
 Z - the +4 skin of Zhor (worn) {*Englaciate rC+++ SInv}
   (You found it on level 2 of the Lair of Beasts)

   *Englaciate: It radiates cold, occasionally slowing all nearby creatures who
   are not resistant to cold.
   rC+++:     It renders you almost immune to cold.
   SInv:      It lets you see invisible.
Magical Staves
 O - a staff of air
 X - a staff of fire
Jewellery
 a - the amulet "Xuul" (around neck) {Reflect ^Fragile rElec Str+10 SH+5}
   (You acquired it on level 1 of the Orcish Mines)

   [amulet of reflection]

   Reflect:   It reflects blocked missile attacks.
   Str+10:    It affects your strength (+10).
   rElec:     It insulates you from electricity.
   ^Fragile:  It will be destroyed if unequipped.
   SH+5:      It affects your SH (+5).
 b - the ring of Ufopn (left hand) {rC+ rN+ Str+6 Int+4}
   (You found it in a Gauntlet)

   [ring of strength]

   Str+6:     It affects your strength (+6).
   Int+4:     It affects your intelligence (+4).
   rC+:       It protects you from cold.
   rN+:       It protects you from negative energy.
 e - a ring of magical power
 i - a +5 ring of evasion
 j - a ring of see invisible
 l - a +5 ring of evasion
 x - a ring of poison resistance
 z - an amulet of regeneration
 S - the ring "Mecwel" (right hand) {Fly rF+ rCorr Str+3}
   (You found it on level 2 of the Lair of Beasts)

   [ring of flight]

   Str+3:     It affects your strength (+3).
   rF+:       It protects you from fire.
   Fly:       It grants you flight.
   rCorr:     It protects you from acid and corrosion.
Talismans
 Q - a granite talisman
Wands
 g - a wand of digging (15)
 s - a wand of paralysis (16)
 J - a wand of mindburst (1)
 M - a wand of warping (4)
 N - a wand of flame (34)
Scrolls
 c - 6 scrolls of fog
 h - 2 scrolls of torment
 p - 2 scrolls of amnesia
 u - 9 scrolls of identify
 A - a scroll of blinking
 B - 4 scrolls of noise
 L - a scroll of revelation
 P - 5 scrolls of immolation
Potions
 d - 2 potions of cancellation
 k - 4 potions of attraction
 q - a potion of haste
 t - 3 potions of mutation
 D - 5 potions of enlightenment
 E - 2 potions of magic
 G - a potion of might
Miscellaneous
 y - a Gell's gravitambourine (1/2)
 Y - a box of beasts


   Skills:
 - Level 9.0 Fighting
 - Level 2.0 Short Blades
 * Level 10.4(11.6) Axes
 - Level 8.2(13.3) Maces & Flails
 - Level 13.0(14.0) Staves
 - Level 0.9 Throwing
 - Level 1.3 Armour
 - Level 4.5 Dodging
 - Level 3.7 Stealth
 + Level 12.9 Shields
 - Level 8.5 Spellcasting
 - Level 3.0 Conjurations
 - Level 2.2 Translocations
 - Level 4.4 Fire Magic
 - Level 8.4 Air Magic
 - Level 1.2 Earth Magic
 - Level 10.9 Alchemy
 - Level 5.6 Evocations
 - Level 4.7 Shapeshifting


You couldn't memorise any spells.
You knew the following spells:

 Your Spells              Type           Power      Damage    Failure   Level
a - Apportation           Tloc           32%        N/A       7%          1
b - Foxfire               Conj/Fire      88%        2x1d8     1%          1
c - Mercury Vapours       Alch/Air       90%        N/A       1%          2
d - Cigotuvi's Dreadful   Necr/Alch/Air  64%        N/A       1%          2
e - Eringya's Noxious Bo  Alch           24%        4d6       8%          6
f - Airstrike             Air            20%        2d(3-19)  1%          4
g - Ignite Poison         Fire/Alch      37%        N/A       1%          4
h - Orb of Destruction    Conj           9%         9d6       100%        7
i - Plasma Beam           Fire/Air       16%        2x1d27    41%         6

Your spell library contained the following spells:

 Spells                   Type           Power      Damage    Failure   Level
 Static Discharge         Conj/Air       58%        3-6/arc   1%          2
 Fulminant Prism          Conj/Alch      17%        3d10      2%          4
 Volatile Blastmotes      Fire/Tloc      40%        2d13      3%          3
 Alistair's Intoxication  Alch           32%        N/A       4%          5
 Stone Arrow              Conj/Erth      32%        3d9       6%          3
 Dazzling Flash           Conj/Hex       26%        N/A       7%          3
 Iskenderun's Mystic Bla Conj/Tloc 18%            2d6        (+2d2     16%         4
 Necrotise                Necr           32%        1d5       17%         1
 Ensorcelled Hibernation  Hex/Ice        16%        N/A       26%         2
 Jinxbite                 Hex            16%        N/A       26%         2
 Summon Lightning Spire   Summ/Air       24%        N/A       28%         4
 Fugue of the Fallen      Necr           8%         N/A       45%         3
 Vampiric Draining        Necr           8%         2d6       45%         3
 Passage of Golubria      Tloc           16%        N/A       54%         4
 Lee's Rapid Deconstruct  Erth           6%         3d6*      54%         5
 Silence                  Hex/Air        12%        N/A       63%         5
 Starburst                Conj/Fire      11%        6d5       77%         6
 Animate Armour           Summ/Erth      20%        N/A       78%         4
 Anguish                  Hex/Necr       4%         N/A       86%         4
 Dispel Undead            Necr           8%         3d8       86%         4
 Martyr's Knell           Necr/Summ      8%         N/A       86%         4
 Borgnjor's Vile Clutch   Necr/Erth      5%         N/A       98%         5
 Curse of Agony           Necr           8%         N/A       99%         5
 Ozocubu's Refrigeration  Ice            4%         4d8       100%        7
 Seismic Cannonade        Alch/Erth      15%        6d7       100%        7
 Fulsome Fusillade        Conj/Alch      17%        (3-5)d7   100%        8
 Lehudib's Crystal Spear  Conj/Erth      8%         10d3      100%        8


Dungeon Overview and Level Annotations

Branches:
Dungeon (12/15)            Temple (0/1) D:6            Lair (5/5) D:11
 Shoals (0/4) Lair:3       Spider (0/4) Lair:3        Slime (0/5) Lair:5
    Orc (2/2) D:11            Elf (3/3) Orc:2        Bailey (visited)
Volcano (visited)         Gauntlet (visited)

Altars:
Dithmenos
Elyvilon
Hepliaklqana
Kikubaaqudgha
Makhleb
Nemelex Xobeh
Vehumet
Yredelemnul
Beogh

Shops:
D:6 !   Orc:1 :   Orc:2 *([[?*[   Elf:1 *   Elf:2 (   Elf:3 [

Annotations:
Elf:3 exclusion: 2 doors


Innate Abilities, Weirdness & Mutations

You are too large for most types of armour.
You have a pair of small horns on your head.
You have tough skin. (AC +1)
You gain doubled healing and magic from potions.
Whenever you drink a healing potion, you attack all around you.


Message History

Okay, then.
The swamp worm fires a harpoon shot at you.
The harpoon shot hits you!
* * * LOW HITPOINT WARNING * * *
You are yanked forward by the harpoon shot.
The tengu reaver misses you. The tengu reaver pecks you.
* * * LOW HITPOINT WARNING * * *
You block the tengu reaver's attack.
Things that are here:
a +0 long sword; a yak corpse; an elf corpse Unknown command.
As you read the scroll of teleportation, it crumbles to dust.
You feel strangely unstable.
The death knight shouts!
You block the swamp worm's attack.
The tengu reaver hits you with a +0 bardiche!!
* * * LOW HITPOINT WARNING * * *
You block the tengu reaver's attack.
The tengu reaver claws you but does no damage.
Unknown command.
Unknown command.
You take a swig of the potion and twirl your +7 vampiric broad axe.
You hit the tengu reaver.
You feel better.
The tengu reaver is lightly wounded.
You hit the swamp worm. You headbutt the swamp worm.
You kill the swamp worm!
Vehumet accepts your kill.
You feel your power returning.
You are confused.
You savour every drop.
You feel invigorated.
The tengu reaver hits you with a +0 bardiche.
* * * LOW HITPOINT WARNING * * *
The tengu reaver pecks you but does no damage.
The tengu reaver claws you but does no damage.
The tengu reaver hits you with a +0 bardiche!!
* * * LOW HITPOINT WARNING * * *
The tengu reaver pecks you.
* * * LOW HITPOINT WARNING * * *
The tengu reaver claws you.
You die...

...ß... ..
#.....# #'#
.... ..
#...###'##
#..p.....#
#.(.##+## #
#.......#
'.#.#.†Q#'##
#.'.#..@...#
#.'.#([)###
###.+...†.#
###.#.†.#
###..ß#
#####


You could see a tengu reaver (repels missiles) and a death knight.

Vanquished Creatures
  A deep elf blademaster (Elf:2)
  A storm dragon (D:12)
  Gastronok (D:11)
  Donald (Elf:2)
  A deep elf elementalist (Elf:1)
  An orc warlord (Elf:3)
  A deep elf demonologist (Elf:2)
  4 deep elf death magi
  A minotaur (Gauntlet)
  Azrael (Elf:2)
  A deep elf high priest (D:12)
  Josephine (Lair:3)
  A fire dragon (Lair:5)
  Harold (D:10)
  An ogre mage (Volcano)
  An ice dragon (Lair:5)
  7 hydras
  A ghost crab (Gauntlet)
  A catoblepas (Lair:3)
  19 dancing weapons
  8 two-headed ogres
  3 boulder beetles
  5 death yaks
  4 orc high priests
  16 deep elf knights
  5 skysharks
  Lodul (D:11)
  An orb spider (Lair:3)
  8 deep elf archers
  A swamp dragon (Lair:5)
  2 lindwurms (Lair:5)
  A phantasmal warrior (D:12)
  A flayed ghost (D:12)
  A mana viper (shapeshifter) (Elf:3)
  3 orc knights (Elf:3)
  A harpy (D:12)
  21 deep elf zephyrmancers
  7 orc sorcerers
  An obsidian bat (Orc:2)
  26 deep elf pyromancers
  3 manticores
  3 ugly things
  Maurice (D:8)
  A kobold blastminer (Orc:1)
  3 cyclopes (D:12)
  5 elephants (Lair:5)
  A meliai (shapeshifter) (D:12)
  A torpor snail (shapeshifter) (Elf:2)
  5 black mambas
  11 cane toads
  A gargoyle (D:7)
  7 torpor snails
  Maggie (D:7)
  An unseen horror (D:12)
  12 komodo dragons
  A kobold demonologist (D:11)
  9 rime drakes
  2 polar bears
  3 trolls
  10 hornets
  3 tyrant leeches (Lair:5)
  A queen bee (shapeshifter) (D:12)
  Grinder (D:4)
  30 blink frogs
  6 spriggans (Bailey)
  5 slime creatures
  4 vampires
  3 water elementals
  2 air elementals
  2 shadows
  52 yaks
  7 wraiths
  11 wyverns
  8 basilisks
  3 fire bats (Volcano)
  2 wargs (Orc:1)
  4 fire elementals
  A human (D:8)
  A vampire mosquito (D:12)
  7 steam dragons
  Grum (D:10)
  Menkaure (D:4)
  8 acid dragons
  Edmund (D:4)
  4 hell hounds
  Duvessa (D:4)
  16 water moccasins
  A swamp drake (Lair:5)
  A swamp worm (shapeshifter) (D:12)
  2 sky beasts
  29 orc warriors
  11 black bears
  2 laughing skulls (Gauntlet)
  19 ogres
  8 wolves
  6 centaurs (D:11)
  3 kobold brigands
  A phantom (D:5)
  10 bullfrogs
  A weeping skull (Gauntlet)
  4 gnoll sergeants
  A scorpion (D:7)
  An earth elemental (Elf:1)
  6 wights
  Dowan (D:4)
  12 killer bees
  A vampire bat (D:8)
  7 howler monkeys
  2 bombardier beetles
  A crimson imp (D:6)
  A lava snake (Volcano)
  5 jellies
  31 orc priests
  Crazy Yiuf (D:6)
  8 hounds
  2 sleepcaps
  17 hell rats
  9 iguanas
  34 orc wizards
  17 gnolls
  9 adders
  A white imp (D:6)
  2 dart slugs
  54 orcs
  5 bat skeletons (D:8)
  2 bat zombies (D:8)
  9 endoplasms
  A giant cockroach (D:3)
  12 goblins
  5 hobgoblins
  13 jackals
  2 quokkas
  2 ball pythons (D:2)
  6 bats
  3 frilled lizards
  24 kobolds
  5 rats
839 creatures vanquished.

Vanquished Creatures (collateral kills)
  An iguana (Lair:5)
1 creature vanquished.

Vanquished Creatures (others)
  An acid dragon (D:12)
  An orc warrior (Elf:3)
  A wolf (Lair:2)
  91 foxfires
  3 spectral weapons
97 creatures vanquished.

Grand Total: 937 creatures vanquished

Notes
Turn   | Place    | Note
-------+----------+-------------------------------------------
     0 | D:5      | bananaken the Oni Delver began the quest for the Orb.
     0 | D:5      | Reached XP level 1. HP: 24/24 MP: 1/1
    63 | D:5      | Noticed a sleepcap
    97 | D:5      | Reached XP level 2. HP: 32/33 MP: 2/2
   134 | D:4      | Noticed Grinder
   163 | D:4      | Paralysed by Grinder for 2 turns
   169 | D:4      | Paralysed by Grinder for 2 turns
   278 | D:3      | Reached XP level 3. HP: 41/41 MP: 3/3
   397 | D:2      | Reached skill level 5 in Fighting
   944 | D:1      | Reached XP level 4. HP: 50/50 MP: 4/4
  2254 | D:3      | Reached XP level 5. HP: 56/57 MP: 5/5
  2338 | D:3      | Reached skill level 5 in Maces & Flails
  2659 | D:4      | Reached XP level 6. HP: 66/66 MP: 6/6
  2710 | D:4      | Found a radiant altar of Vehumet.
  2715 | D:4      | Noticed Edmund
  2719 | D:4      | Became a worshipper of Vehumet
  2746 | D:4      | Killed Edmund
  2747 | D:4      | Reached skill level 1 in Spellcasting
  2747 | D:4      | Reached skill level 1 in Evocations
  2848 | D:4      | Noticed Dowan
  2851 | D:4      | Noticed Duvessa
  2853 | D:4      | Killed Dowan
  2854 | D:4      | Reached XP level 7. HP: 72/72 MP: 8/10
  2856 | D:4      | Killed Duvessa
  2867 | D:4      | Paralysed by Grinder for 4 turns
  2871 | D:4      | Killed Grinder
  3099 | D:4      | Found a sparkling altar of Nemelex Xobeh.
  3108 | D:4      | Learned a level 1 spell: Apportation
  3510 | D:4      | Noticed Menkaure
  3520 | D:4      | Killed Menkaure
  3521 | D:4      | Reached XP level 8. HP: 33/81 MP: 13/13
  4017 | D:4      | Reached skill level 1 in Translocations
  4229 | D:5      | Found a white marble altar of Elyvilon.
  4332 | D:5      | Noticed a hornet
  4655 | D:5      | Reached * piety under Vehumet
  4655 | D:5      | Offered knowledge of Foxfire by Vehumet.
  4659 | D:5      | Learned a level 1 spell: Foxfire
  5041 | D:5      | Paralysed by a hornet for 2 turns
  5049 | D:5      | Killed a hornet
  5050 | D:5      | Reached skill level 1 in Conjurations
  5050 | D:5      | Reached skill level 1 in Fire Magic
  5050 | D:5      | Reached XP level 9. HP: 68/93 MP: 15/15
  5693 | D:6      | Reached skill level 1 in Alchemy
  5799 | D:6      | Found a burning altar of Makhleb.
  5831 | D:6      | Found Yjuac's Distillery.
  5915 | D:6      | Bought a potion of attraction for 45 gold pieces
  5915 | D:6      | Bought a potion of heal wounds for 75 gold pieces
  5956 | D:6      | Found a runed translucent door.
  5957 | D:6      | Noticed Crazy Yiuf
  5984 | D:6      | Killed Crazy Yiuf
  6298 | D:6      | Found a staircase to the Ecumenical Temple.
  6489 | D:7      | Found a hazy altar of Hepliaklqana.
  6578 | D:7      | Noticed Maggie
  6681 | D:7      | Found a flagged portal.
  6700 | D:7      | Offered knowledge of Mercury Vapours by Vehumet.
  6701 | D:7      | Reached ** piety under Vehumet
  6705 | D:7      | Learned a level 2 spell: Mercury Vapours
  6801 | Bailey   | Entered a bailey
  6828 | Bailey   | Reached skill level 1 in Air Magic
  6853 | Bailey   | Reached XP level 10. HP: 83/102 MP: 10/16
  7072 | Bailey   | Noticed a two-headed ogre
  7092 | Bailey   | Killed a two-headed ogre
  7093 | Bailey   | Reached skill level 5 in Evocations
  7167 | Bailey   | Identified the +7 rapier "Cecyediy" {freeze, rElec rF+ rC-
                  | SInv}
  7283 | Bailey   | Identified the +6 quarterstaff of Elejier {spect, Int+5
                  | Stlth+}
  7504 | D:7      | Noticed a gargoyle
  7517 | D:7      | Killed a gargoyle
  7518 | D:7      | Reached skill level 1 in Staves
  8008 | D:7      | Killed Maggie
  8009 | D:7      | Reached skill level 2 in Staves
  8249 | D:8      | Learned a level 2 spell: Cigotuvi's Dreadful Rot
  8319 | D:8      | Offered knowledge of Dazzling Flash by Vehumet.
  8667 | D:8      | Found a runed translucent door.
  8667 | D:8      | Noticed Maurice
  8668 | D:8      | Found a basalt altar of Yredelemnul.
  8668 | D:8      | Maurice stole the +7 rapier "Cecyediy" {freeze, rElec rF+
                  | rC- SInv}
  8672 | D:8      | Maurice stole a granite talisman
  8673 | D:8      | Killed Maurice
  8674 | D:8      | Reached skill level 3 in Staves
  8674 | D:8      | Reached XP level 11. HP: 100/111 MP: 14/17
  8798 | D:8      | Found an ancient bone altar of Kikubaaqudgha.
  8800 | D:8      | Reached *** piety under Vehumet
  9050 | D:8      | Learned a level 4 spell: Martyr's Knell
  9118 | D:9      | Reached skill level 4 in Staves
  9287 | D:9      | Offered knowledge of Airstrike by Vehumet.
  9289 | D:9      | Reached skill level 5 in Staves
  9317 | D:9      | Learned a level 4 spell: Airstrike
 10001 | D:10     | Entered Level 10 of the Dungeon
 10030 | D:10     | Found a shadowy altar of Dithmenos.
 10167 | D:10     | Noticed Grum
 10187 | D:10     | Killed Grum
 10188 | D:10     | Reached skill level 6 in Staves
 10244 | D:10     | Noticed Harold
 10257 | D:10     | Killed Harold
 10455 | D:10     | Reached skill level 7 in Staves
 10455 | D:10     | Reached skill level 5 in Air Magic
 10561 | D:10     | Reached **** piety under Vehumet
 10705 | D:10     | Reached skill level 1 in Shields
 11035 | D:11     | Noticed a white ugly thing
 11045 | D:11     | Killed a white ugly thing
 11108 | D:11     | Noticed a two-headed ogre
 11131 | D:11     | Killed a two-headed ogre
 11184 | D:11     | Reached skill level 8 in Staves
 11224 | D:11     | Reached XP level 12. HP: 109/119 MP: 6/18
 11244 | D:11     | Offered knowledge of Ignite Poison by Vehumet.
 11298 | D:11     | Found a staircase to the Lair.
 11448 | D:11     | Learned a level 4 spell: Ignite Poison
 11726 | D:11     | Reached skill level 9 in Staves
 11782 | D:11     | Found a staircase to the Orcish Mines.
 11788 | D:11     | Reached ***** piety under Vehumet
 11888 | D:11     | Noticed Lodul
 11921 | D:11     | Killed Lodul
 11945 | D:11     | Offered knowledge of Eringya's Noxious Bog by Vehumet.
 11954 | D:11     | Learned a level 6 spell: Eringya's Noxious Bog
 12029 | D:11     | Noticed Gastronok
 12038 | D:11     | Identified a scroll of acquirement
 12059 | D:11     | Killed Gastronok
 12364 | Lair:1   | Entered Level 1 of the Lair of Beasts
 12364 | Lair:1   | Noticed a six-headed hydra
 12384 | Lair:1   | Killed a six-headed hydra
 12385 | Lair:1   | Reached skill level 5 in Spellcasting
 12385 | Lair:1   | Reached skill level 5 in Alchemy
 12558 | Lair:1   | You fall into a shaft and drop 1 floor!
 12579 | Lair:2   | Reached skill level 10 in Staves
 12601 | Lair:2   | Noticed a skyshark
 12609 | Lair:2   | Noticed a boulder beetle
 12610 | Lair:2   | Killed a skyshark
 13176 | Lair:1   | Reached XP level 13. HP: 109/127 MP: 21/21
 13185 | Lair:1   | Reached skill level 5 in Shields
 13899 | Lair:2   | Reached skill level 11 in Staves
 14069 | Lair:2   | Found the +4 skin of Zhor {*Englaciate rC+++ SInv}
 14896 | Lair:2   | Identified the ring "Mecwel" {Fly rF+ rCorr Str+3}
 15420 | Lair:3   | Noticed Josephine
 15433 | Lair:3   | Found a dark tunnel.
 15443 | Lair:3   | Reached skill level 12 in Staves
 15453 | Volcano  | Entered a volcano
 15525 | Volcano  | Found a bloodstained altar of Trog.
 15635 | Lair:3   | Found a gate leading to a gauntlet.
 15639 | Lair:3   | Offered knowledge of Lee's Rapid Deconstruction by Vehumet.
 15640 | Lair:3   | Reached XP level 14. HP: 96/136 MP: 23/23
 15686 | Gauntlet | Entered a Gauntlet
 15686 | Gauntlet | Found a transporter.
 15686 | Gauntlet | Found a transporter.
 15686 | Gauntlet | Found a transporter.
 15688 | Gauntlet | Found a transporter.
 15691 | Gauntlet | Found a transporter.
 15703 | Gauntlet | Found a transporter.
 15724 | Gauntlet | Found a transporter.
 15735 | Gauntlet | Found a transporter.
 15795 | Gauntlet | Found a transporter.
 15807 | Gauntlet | Found a transporter.
 15821 | Gauntlet | Found a transporter.
 15831 | Gauntlet | Found a transporter.
 16008 | Gauntlet | Identified the ring of Ufopn {rC+ rN+ Str+6 Int+4}
 16139 | Gauntlet | Identified the +0 leather armour "Vybeqo" {Fly rElec rC++
                  | rN+}
 16449 | Lair:3   | Killed Josephine
 16591 | Lair:3   | Reached skill level 1 in Short Blades
 16972 | Lair:3   | Found a hole to the Spider Nest.
 17120 | Lair:3   | Learned a level 5 spell: Lee's Rapid Deconstruction
 17214 | Lair:3   | Found a staircase to the Shoals.
 17670 | Lair:4   | Reached skill level 13 in Staves
 18069 | Lair:4   | Identified the +3 trident of Red Wine {drain, *Noise rF+
                  | Str+5}
 18497 | Lair:5   | Entered Level 5 of the Lair of Beasts
 18568 | Lair:5   | Offered knowledge of Conjure Ball Lightning by Vehumet.
 18572 | Lair:5   | HP: 10/204 [skyshark (1)]
 18730 | Lair:5   | Found a staircase to the Slime Pits.
 19026 | Lair:5   | Reached XP level 15. HP: 136/143 MP: 22/24
 19533 | Lair:5   | Reached skill level 1 in Earth Magic
 19587 | Lair:5   | Offered knowledge of Ozocubu's Refrigeration by Vehumet.
 19762 | Lair:5   | Reached skill level 10 in Alchemy
 20005 | Lair:5   | Reached skill level 1 in Armour
 20555 | Orc:1    | Entered Level 1 of the Orcish Mines
 20574 | Orc:1    | Learned a level 7 spell: Ozocubu's Refrigeration
 20603 | Orc:1    | Found a burning altar of Makhleb.
 20972 | Orc:1    | Found Dyrghei's Book Boutique.
 20980 | Orc:1    | Acquired a staff of air
 20982 | Orc:1    | Acquired the amulet "Xuul" {Reflect ^Fragile rElec Str+10
                  | SH+5}
 21459 | Orc:2    | Entered Level 2 of the Orcish Mines
 21474 | Orc:2    | Found Hatal's Antique Armour Shoppe.
 21484 | Orc:2    | Found Wumounut's General Store.
 21525 | Orc:2    | Bought a potion of cancellation for 128 gold pieces
 21691 | Orc:2    | Offered knowledge of Magnavolt by Vehumet.
 21692 | Orc:2    | Reached skill level 10 in Shields
 21717 | Orc:2    | Reached skill level 1 in Shapeshifting
 22059 | Orc:2    | Found Pauq Cui's Antique Armour Emporium.
 22060 | Orc:2    | Found Fayntawn's Weapon Shoppe.
 22062 | Orc:2    | Found Munac's Armour Shoppe.
 22066 | Orc:2    | Found Ecivem's Magic Scroll Emporium.
 22070 | Orc:2    | Bought a scroll of revelation for 112 gold pieces
 22070 | Orc:2    | Bought a scroll of identify for 30 gold pieces
 22070 | Orc:2    | Bought a scroll of fog for 60 gold pieces
 22070 | Orc:2    | Bought a scroll of identify for 30 gold pieces
 22126 | Orc:2    | Found a staircase to the Elven Halls.
 22491 | Orc:2    | Found Raskudei's General Store.
 22499 | Orc:2    | Bought a potion of heal wounds for 55 gold pieces
 22805 | Elf:1    | Entered Level 1 of the Elven Halls
 23235 | Elf:1    | Noticed a deep elf elementalist
 23260 | Elf:1    | Reached XP level 16. HP: 87/156 MP: 15/28
 23669 | Elf:1    | Found Usatzep's Assorted Antiques.
 23696 | Elf:1    | Bought a potion of haste for 310 gold pieces
 23696 | Elf:1    | Bought a potion of heal wounds for 155 gold pieces
 23696 | Elf:1    | Bought a scroll labelled ROTAOS IMUUVE for 31 gold pieces
 23696 | Elf:1    | Bought a scroll of identify for 62 gold pieces
 23905 | Elf:2    | Noticed Donald
 23914 | Elf:2    | Killed Donald
 24022 | Elf:2    | Offered knowledge of Orb of Destruction by Vehumet.
 24329 | Elf:2    | Reached skill level 1 in Axes
 24524 | Elf:2    | Learned a level 7 spell: Orb of Destruction
 24715 | Elf:2    | Found Zoteeptixyr's Weapon Shop.
 25271 | Elf:2    | Found a runed translucent gate.
 25272 | Elf:2    | Found a runed translucent gate.
 25272 | Elf:2    | Found a runed translucent gate.
 25904 | Elf:2    | Noticed Azrael
 25906 | Elf:2    | Noticed a deep elf blademaster
 25916 | Elf:2    | Reached skill level 5 in Axes
 25920 | Elf:2    | Killed a deep elf blademaster
 25928 | Elf:2    | Killed Azrael
 27098 | Elf:3    | Entered Level 3 of the Elven Halls
 27466 | Elf:3    | Reached XP level 17. HP: 154/162 MP: 14/29
 27665 | Elf:3    | Found a roughly hewn altar of Beogh.
 27800 | Elf:3    | Found Juos's Armour Emporium.
 27804 | Elf:3    | Paralysed by an air elemental for 1 turns
 27812 | Elf:3    | Reached ****** piety under Vehumet
 27832 | Elf:3    | Offered knowledge of Plasma Beam by Vehumet.
 27841 | Elf:3    | Learned a level 6 spell: Plasma Beam
 29117 | D:12     | Reached skill level 10 in Axes
 29439 | D:12     | HP: 5/162 [tengu reaver/+0 bardiche (25)]
 29439 | D:12     | HP: 1/162 [tengu reaver/+0 bardiche (4)]
 29439 | D:12     | Slain by a tengu reaver

Illustrated notes

Levels and vault maps discovered:
D:1:      amcnicky_arrival_flooded_fountain, layout_rooms,
          minmay_splitting_lines, chequers_garden, bh_walls_and_bars
D:2:      layout_rooms, chequers_serial_rivers_small_b
D:3:      layout_basic, cheibrodos_gnoll_hut
D:4:      layout_layer_cave, amcnicky_altar_gilded,
          mainiacjoe_overflow_concentric_impassable, uniq_edmund, uniq_grinder,
          uniq_duvessa, uniq_menkaure
D:5:      minmay_clustersquares, layout_loops_ring,
          nicolae_elyvilon_temple_path, minmay_misc_feat_chi
D:6:      layout_basic, makhleb_grotto_becter, lemuel_temple_firewalk_b,
          serial_shops, nicolae_shop_industrial_runoff, minmay_microvault,
          uniq_crazy_yiuf_cottage
D:7:      layout_gridville, nicolae_hepliaklqana_hazy_memory, enter_bailey_7,
          minmay_tree_intersection, uniq_maggie
D:8:      layout_loops_cross, dk_yredelemnul_ordeal, kennysheep_vampire_church,
          uniq_maurice
D:9:      layout_loops_ring
D:10:     layout_roguey, nicolae_dithmenos_through_a_glass_darkly,
          lightli_fourway_metalbox, uniq_harold, uniq_grum
D:11:     layout_basic, minmay_lair_entry_grove, david_orc_4, uniq_gastronok,
          uniq_lodul
D:12:     nicolae_fronds_of_death, layout_rooms, grunt_ministairs_6
Lair:1:   layout_chaotic_city
Lair:2:   regret_index_malice_mire, layout_gridlike,
          hellmonk_guarded_unrand_zhor, grunt_megastairs_3, serial_bayou_shore_b
Lair:3:   layout_small_grid, minmay_shoals_entry_beasts,
          nicolae_spider_entry_orb_guardian, enter_volcano_3,
          gauntlet_entry_generic, beast_lair_carwin_8, serial_bayou_shore_b,
          grunt_megastairs_5, uniq_josephine
Lair:4:   layout_big_grid
Lair:5:   guppyfry_lair_end_dragon, layout_misc_corridors, wormcave,
          slime_entry_2, chequers_serial_rivers_large_a, serial_bayou_pond_b,
          pdpol_lair_neglected_garden, st_stairs_12
Orc:1:    layout_caves, serial_shops, shop_fountains, basic_altar
Orc:2:    st_orc_mages, layout_caves, serial_shops, nicolae_shop_hallway_stairs,
          shop_coins, nicolae_shop_stone, lightli_orcish_oven
Elf:1:    eino_elf_arrival_shootout, layout_loops_cross, serial_shops,
          nicolae_shop_trees, guppyfry_library_mini, statue_in_the_mist_lemuel
Elf:2:    nicolae_elf_blades_crystal_corner, layout_loops_corners, serial_shops,
          shop, nicolae_elevator_lobby_asterisk, uniq_azrael, uniq_donald
Elf:3:    grunt_elf_hall_asides, layout_gridlike, serial_shops,
          nicolae_shop_scrapyard, special_room [special_room_orc], uniq_asterion

Skill      XL: |  1  2  3  4  5  6  7  8  9 10 11 12 13 14 15 16 17 |
---------------+----------------------------------------------------+-----
Fighting       | 5 7 8 9 |  9.0
Maces & Flails | 3 4 5 6 7 8 |  8.2
Spellcasting   | 2 3 4 5 6 8 |  8.5
Evocations     | 1 2 3 4 5 |  5.6
Dodging        | 2 3 4 |  4.5
Translocations | 2 |  2.2
Conjurations   | 1 3 |  3.0
Fire Magic     | 1 3 4 |  4.4
Alchemy        | 3 4 5 7 9 10 | 10.9
Air Magic      | 1 3 5 7 8 |  8.4
Staves         | 3 8 10 12 13 | 13.0
Shields        | 2 4 6 8 10 12 | 12.9
Short Blades   | 2 |  2.0
Earth Magic    | 1 |  1.2
Armour         | 1 |  1.3
Shapeshifting  | 3 4 |  4.7
Axes           | 8 10 | 10.4
Throwing       | |  0.9
Stealth        | |  3.7

Action                     |  1- 3 |  4- 6 |  7- 9 | 10-12 | 13-15 | 16-18 || total
---------------------------+-------+-------+-------+-------+-------+-------++-------
  Melee: Mace              |    74 |    65 |   101 |    13 |       |       ||   253
         Headbutt          |     4 |    15 |    57 |    89 |   187 |    80 ||   432
         Long sword        |       |    56 |    41 |       |       |       ||    97
         Short sword       |       |       |   164 |       |       |       ||   164
         Staff             |       |       |    11 |       |    21 |       ||    32
         Unarmed           |       |       |    10 |       |       |       ||    10
         Quarterstaff      |       |       |       |   433 |   687 |    70 ||  1190
         Quick blade       |       |       |       |       |    58 |       ||    58
         Broad axe         |       |       |       |       |       |   331 ||   331
  Throw: Boomerang         |       |       |     6 |     5 |     3 |     5 ||    19
         Large rock        |       |       |       |       |       |     1 ||     1
   Cast: Foxfire           |       |       |    23 |    31 |     2 |       ||    56
         Mercury Vapours   |       |       |       |    38 |    32 |     3 ||    73
         Airstrike         |       |       |       |    27 |    78 |    28 ||   133
         Cigotuvi's Dreadf |       |       |       |     4 |     4 |     2 ||    10
         Ignite Poison     |       |       |       |     2 |    18 |     5 ||    25
         Eringya's Noxious |       |       |       |       |    52 |    48 ||   100
  Evoke: Wand              |       |     6 |    10 |    20 |    14 |     7 ||    57
         Box of beasts     |       |       |       |       |     1 |       ||     1
         Gell's gravitambo |       |       |       |       |       |     1 ||     1
    Use: Scroll            |     1 |     1 |     9 |    11 |    19 |    16 ||    57
         Potion            |       |     1 |    10 |     7 |     9 |    10 ||    37
   Stab: Sleeping          |     4 |     1 |       |    11 |    12 |     2 ||    30
         Distracted        |       |       |     1 |     9 |    10 |     1 ||    21
         Paralysed         |       |       |       |    13 |     8 |     4 ||    25
         Invisible         |       |       |       |       |       |     3 ||     3
 Armour: Robe              |    70 |   114 |   220 |       |       |       ||   404
         Skin              |       |       |    55 |       |     3 |       ||    58
         Acid dragon scale |       |       |   104 |   385 |    88 |       ||   577
         Animal skin       |       |       |       |       |   360 |   261 ||   621
  Dodge: Dodged            |    37 |    52 |   205 |   205 |   205 |    74 ||   778
         Repelled          |       |     1 |     6 |    14 |    25 |    47 ||    93
  Block: Tower shield      |       |       |       |       |    17 |   358 ||   375
         Other             |       |       |       |       |     8 |    15 ||    23
         Reflection        |       |       |       |       |     3 |    30 ||    33

Table legend: (Time is in decaauts)
 A = Elapsed time spent in this place.
 B = Non-inter-level travel time spent in this place.
 C = Inter-level travel time spent in this place.
 D = Time resting spent in this place.
 E = Time spent auto-exploring this place.
 F = Levels seen in this place.
 G = Mean time per level.
                   A        B        C        D        E       F      G
               +--------+--------+--------+--------+--------+-----+--------+
         Total |  29346 |  27683 |   1663 |   4303 |  16428 |  25 | 1173.8 |
       Dungeon |  12832 |  12079 |    753 |   1735 |   7312 |  12 | 1069.3 |
          Lair |   7383 |   6937 |    446 |    880 |   4306 |   5 | 1476.6 |
  Orcish Mines |   1978 |   1744 |    234 |    131 |   1231 |   2 |  989.0 |
   Elven Halls |   5783 |   5553 |    230 |   1133 |   3212 |   3 | 1927.7 |
        Bailey |    668 |    668 |      0 |    339 |    100 |   1 |  668.0 |
       Volcano |    119 |    119 |      0 |      0 |      0 |   1 |  119.0 |
      Gauntlet |    581 |    581 |      0 |     82 |    267 |   1 |  581.0 |
               +--------+--------+--------+--------+--------+-----+--------+

Top non-repeatable levels by time:
   Elf:2: 2916 daAuts
  Lair:2: 2008 daAuts
    D:11: 1927 daAuts
  Lair:5: 1817 daAuts
     D:5: 1694 daAuts
   Elf:1: 1541 daAuts
  Lair:3: 1519 daAuts
     D:4: 1450 daAuts
   Orc:2: 1356 daAuts
   Elf:3: 1325 daAuts
     D:3: 1156 daAuts
  Lair:1: 1132 daAuts
     D:7: 1084 daAuts
     D:9: 954 daAuts
    D:10: 945 daAuts
